[Event "Early-Titled-Tuesday-Blitz-May-14-2024"]
[Site "Chess.com"]
[Date "2024.05.14"]
[Round "7"]
[White "laysa_latifah"]
[Black "average_trans"]
[Result "0-1"]
[WhiteElo "2528"]
[BlackElo "2359"]
[TimeControl "180+1"]
[EndTime "9:19:19 PDT"]
[Termination "average_trans won by resignation"]

1. e4 a6 2. Nf3 b5 3. d4 Bb7 4. Bd3 Nf6 5. e5 Nd5 6. O-O e6 7. c3 Be7 8. Qc2 h6 9. a4 c6 10. Nbd2 O-O 11. Ne4 d6 12. exd6 Bxd6 13.
Nxd6 Qxd6 14. Nd2 f5 15. Re1 Nf4 16. Nf3 c5 17. Bxf4 Qxf4 18. Be2 Nd7 19. axb5 axb5 20. dxc5 Nxc5 21. Nd4 e5 22. Nxb5 Rxa1 23. Rxa1 Be4 24. Bc4+ Kh7 25. Qe2 Rd8 26. g3 Qd2 27. b4 Nb3 28.
Qxd2 Nxd2 29. Be2 f4 30. Rd1 f3 31. Bf1 Bc2 32. Rc1 Nxf1 33. Rxf1 Rd2 34. Na3 Bd3 35.
Re1 e4 36. Ra1 e3 0-1

[Event "Early-Titled-Tuesday-Blitz-May-14-2024"]
[Site "Chess.com"]
[Date "2024.05.14"]
[Round "7"]
[White "AniJak"]
[Black "Arteler"]
[Result "1-0"]
[WhiteElo "2394"]
[BlackElo "2231"]
[TimeControl "180+1"]
[EndTime "9:19:19 PDT"]
[Termination "AniJak won by checkmate"]

1. e4 e5 2. Nf3 d6 3. d4 exd4 4. Qxd4 Nf6 5. Nc3 Be7 6. Bc4 O-O 7. O-O Nc6 8. Qd1 Be6 9. Bb3 Bg4 10. h3 Bh5 11. Qd3 Bg6 12. Re1 Ne5 13. Qe3 Qd7 14. Rd1 Nxf3+ 15. Qxf3 Rfe8 16. e5 Bh5 17. g4 Nxg4 18.
hxg4 Bxg4 19. Qxf7+ Kh8 20. e6 Qc6 21. Bd5 Qc5 22. Be3 Qb4 23. Bd4 Rg8 24. Qxe7 Bxd1 25. Rxd1 Rae8 26. Qxc7 b6 27. e7 Qxb2 28. Bxg8 Rxg8 29.
Qd8 Qb5 30. Nxb5 Rxd8 31. exd8=Q# 1-0

[Event "Early-Titled-Tuesday-Blitz-May-14-2024"]
[Site "Chess.com"]
[Date "2024.05.14"]
[Round "7"]
[White "MrLion3000"]
[Black "tjychess"]
[Result "1-0"]
[WhiteElo "2794"]
[BlackElo "2938"]
[TimeControl "180+1"]
[EndTime "9:19:20 PDT"]
[Termination "MrLion3000 won by resignation"]

1. d4 d5 2. c4 c6 3. Nc3 Nf6 4. Nf3 dxc4 5. a4 Bf5 6. e3 e6 7.
Bxc4 Bb4 8. O-O O-O 9. Qe2 Nbd7 10. e4 Bg6 11. Bd3 Bh5 12. e5 Nd5 13. Nxd5 cxd5 14.
Qe3 Bg6 15. Bxg6 fxg6 16. Bd2 Be7 17. Rac1 Qb6 18. Rc2 Rac8 19. Rfc1 Rxc2 20. Rxc2 Nb8 21. b4 Bxb4 22. Bxb4 Qxb4 23. Rc7 Na6 24. Rd7 Nb8 25. Rc7 Qb6 26. Re7 Nc6 27. Rxe6 Qb1+ 28. Qe1 Qxe1+ 29. Nxe1 Nxd4 30. Rd6 Ne2+ 31. Kf1 Nc3 32. Nd3 Nxa4 33. Rxd5 Nb6 34. Rd6 Re8 35. f4 Kf7 36. Nc5 Re7 37. g4 g5 38. e6+ Kg6 39. f5+ Kh6 40. Rd3 g6 41. f6 1-0

[Event "Early-Titled-Tuesday-Blitz-May-14-2024"]
[Site "Chess.com"]
[Date "2024.05.14"]
[Round "7"]
[White "SaiHanThiha"]
[Black "profedechess93"]
[Result "1-0"]
[WhiteElo "2476"]
[BlackElo "2634"]
[TimeControl "180+1"]
[EndTime "9:19:21 PDT"]
[Termination "SaiHanThiha won by resignation"]

1. e4 e6 2. d4 d5 3. Nd2 Be7 4. Ngf3 Nf6 5. Bd3 c5 6. dxc5 Nc6 7. Qe2 Bxc5 8. e5 Ng4 9. O-O Qc7 10.
Nb3 Bb6 11. Bf4 f6 12. Bg3 Ngxe5 13. Nxe5 fxe5 14. a4 a6 15. a5 Ba7 16. Rae1 O-O 17. Kh1 Qf7 18. f3 Bd7 19. Bxe5 Nxe5 20. Qxe5 Bb8 21. Qg5 Bf4 22. Qh4 g6 23. Nc5 Bc8 24. b4 Bd2 25. Re2 Bc3 26. Na4 Rb8 27. Nxc3 Bd7 28. Nd1 Rbc8 29. Nf2 Qg7 30. Ng4 Rf4 31.
Nh6+ 1-0

[Event "Early-Titled-Tuesday-Blitz-May-14-2024"]
[Site "Chess.com"]
[Date "2024.05.14"]
[Round "7"]
[White "TomLiu777"]
[Black "balack95"]
[Result "0-1"]
[WhiteElo "2281"]
[BlackElo "2516"]
[TimeControl "180+1"]
[EndTime "9:19:21 PDT"]
[Termination "balack95 won by checkmate"]

1. Nf3 d5 2. g3 Nd7 3. Bg2 e5 4. O-O Ngf6 5. d3 Bd6 6. Nbd2 O-O 7. e4 c6 8. c3 Re8 9. Re1 Qc7 10. Nf1 Nf8 11.
Qc2 a5 12. Bd2 a4 13. Ne3 Ng6 14. Rad1 h6 15. Bc1 Be6 16. Nf5 Bxf5 17. exf5 Ne7 18. Nh4 Ra5 19. d4 e4 20. f3 exf3 21. Nxf3 Raa8 22. Ne5 Nd7 23. Nxd7 Qxd7 24. f6 Ng6 25. fxg7 Kxg7 26. Qd2 Rh8 27. Rf1 Be7 28. h4 Qg4 29. Qf2 Raf8 30. Rde1 Bd6 31. Qf6+ Kg8 32. Rf3 Bxg3 33.
Ref1 Rh7 34. b3 Bxh4 35. Qd6 axb3 36. axb3 Bg5 37. Ba3 Rg7 38. Qh2 Re8 39. Qc7 Be3+ 40.
Kh1 Nh4 41. Bh3 Qg1+ 42. Rxg1 Rxg1+ 43. Kh2 Nxf3# 0-1

[Event "Early-Titled-Tuesday-Blitz-May-14-2024"]
[Site "Chess.com"]
[Date "2024.05.14"]
[Round "7"]
[White "OparinGrigoriy"]
[Black "Firouzja2003"]
[Result "0-1"]
[WhiteElo "2982"]
[BlackElo "3188"]
[TimeControl "180+1"]
[EndTime "9:19:24 PDT"]
[Termination "Firouzja2003 won by resignation"]

1. d4 Nf6 2. c4 g6 3. Nc3 Bg7 4. e4 d6 5. h3 O-O 6. Bg5 c5 7. d5 e6 8. Bd3 Qb6 9. Qd2 exd5 10. cxd5 Re8 11. Nge2 Nbd7 12. O-O Ne5 13. Bb5 Bd7 14.
Bxd7 Nfxd7 15. b3 Qa6 16. f4 Nd3 17. Rad1 c4 18. bxc4 N7c5 19. e5 Qxc4 20. Rf3 h6 21. Bh4 Nxe5 22. fxe5 Qxh4 23. exd6 Rad8 24. Rdf1 f5 25. Nf4 Rxd6 26. Nb5 Rd7 27. d6 Ne4 28. Qd5+ Kh7 29. Nxg6 Qf6 30. Ne7 Rexe7 31. dxe7 Rxd5 32. e8=Q Qb6+ 33. Kh1 Qxb5 34. Qf7 Qd7 35. Qh5 f4 36.
Qh4 Ng3+ 37. Rxg3 fxg3 38. Qxg3 Rd1 0-1

[Event "Early-Titled-Tuesday-Blitz-May-14-2024"]
[Site "Chess.com"]
[Date "2024.05.14"]
[Round "7"]
[White "scarabee43"]
[Black "nabukatnezarr"]
[Result "1-0"]
[WhiteElo "2824"]
[BlackElo "2612"]
[TimeControl "180+1"]
[EndTime "9:19:25 PDT"]
[Termination "scarabee43 won on time"]

1. Nf3 Nf6 2. c4 e6 3. b3 b6 4. Bb2 Bb7 5. g3 g6 6. Bg2 Bg7 7. O-O O-O 8. d3 d6 9. Nbd2 Nbd7 10. b4 c5 11. b5 a6 12. a4 Qc7 13. Qb3 a5 14. e4 d5 15. exd5 exd5 16. Rfe1 d4 17. Re2 Rae8 18. Rae1 Rxe2 19. Rxe2 Re8 20. Qd1 Qc8 21.
Ng5 Bxg2 22. Kxg2 h6 23. Nge4 Nxe4 24. Nxe4 Qa8 25. Kg1 Ne5 26. f4 Ng4 27. Bc1 Qd8 28.
Qe1 Re6 29. Nf2 Ne3 30. Bxe3 dxe3 31. Rxe3 Rxe3 32. Qxe3 Bd4 33. Qe2 Qf6 34. Kg2 Bxf2 35. Kxf2 Qa1 36. Qe5 Qxa4 37. Qb8+ Kg7 38. Qxb6 Qc2+ 39.
Ke3 Qc1+ 40. Ke4 Qh1+ 41. Ke5 Qe1+ 42. Kd5 Qe2 43. Qxc5 Qxh2 44. b6 Qg2+ 45. Kd6 a4 46. Kc7 Qxg3 47. Qe5+ f6 48. Qe7+ Kg8 49. b7 Qxf4+ 50.
Qd6 1-0

[Event "Early-Titled-Tuesday-Blitz-May-14-2024"]
[Site "Chess.com"]
[Date "2024.05.14"]
[Round "7"]
[White "aloe_normansen"]
[Black "ChessQueen"]
[Result "0-1"]
[WhiteElo "2570"]
[BlackElo "2778"]
[TimeControl "180+1"]
[EndTime "9:19:25 PDT"]
[Termination "ChessQueen won by checkmate"]

1. e4 c6 2. d4 d5 3. e5 c5 4.
dxc5 e6 5. a3 Bxc5 6. Qg4 Ne7 7.
Nf3 Nf5 8. Bd3 h5 9. Qf4 Nc6 10.
b4 Be7 11. h4 Qc7 12. Bb2 f6 13. Bxf5 exf5 14. Qe3 O-O 15. O-O f4 16. Qxf4 fxe5 17. Qg3 Bd6 18. Qg6 Bg4 19. Ng5 Bf5 20. Qxh5 g6 21.
Qd1 d4 22. c3 Rad8 23. cxd4 Nxd4 24. Nc3 Be7 25. Nce4 Qc4 26. Re1 Nc2 27. Qc1 b5 28. Bxe5 Nxe1 29. Qxe1 Bxg5 30. Nxg5 Rfe8 31. f4 Rd3 32.
Qf2 Re7 33. Qb2 Qd5 34. Kh2 Rd2 35. Rd1 Qxg2# 0-1

[Event "Early-Titled-Tuesday-Blitz-May-14-2024"]
[Site "Chess.com"]
[Date "2024.05.14"]
[Round "7"]
[White "only_strong_moves"]
[Black "subham777"]
[Result "1-0"]
[WhiteElo "2704"]
[BlackElo "2532"]
[TimeControl "180+1"]
[EndTime "9:19:25 PDT"]
[Termination "only_strong_moves won by resignation"]

1. Nc3 d5 2. e4 e6 3. d4 Nf6 4. e5 Nfd7 5. Nce2 c5 6. c3 Nc6 7. Nf3 Be7 8. Nf4 a6 9. Bd3 b5 10. h4 Qb6 11. Be3 a5 12. O-O c4 13. Bc2 h6 14. Nh5 Bf8 15. Ne1 g6 16. Ng3 h5 17.
Qd2 Be7 18. b3 Bxh4 19. Ne2 Be7 20. bxc4 bxc4 21. Rb1 Qd8 22. Ba4 Na7 23. Nf3 Kf8 24. Bg5 Bxg5 25. Nxg5 Kg7 26. f4 Nf8 27. Qe3 h4 28.
Qf3 Qe7 29. Nh3 Nh7 30. Rb6 Bd7 31. Rb7 Rhd8 32. f5 exf5 33. Nef4 Qe8 34. e6 Bxa4 35. Rxf7+ Qxf7 36. exf7 Kxf7 37. Re1 Bc6 38. Re6 Nf8 39. Ng5+ Kg8 40. Rf6 Be8 41. Nfe6 Nxe6 42. Nxe6 Rd7 43.
Rf8+ Kh7 44. Qf4 1-0

[Event "Early-Titled-Tuesday-Blitz-May-14-2024"]
[Site "Chess.com"]
[Date "2024.05.14"]
[Round "7"]
[White "djano"]
[Black "Alexchess1984"]
[Result "0-1"]
[WhiteElo "2537"]
[BlackElo "2690"]
[TimeControl "180+1"]
[EndTime "9:19:27 PDT"]
[Termination "Alexchess1984 won by resignation"]

1. e4 e6 2. Qe2 Nc6 3. Nf3 e5 4. g3 Nf6 5. Bg2 Bc5 6. O-O O-O 7. c3 d6 8. a4 a5 9. d3 h6 10. Nbd2 Re8 11. Nc4 Be6 12. Ne3 Ba7 13. Nh4 Ne7 14. Kh1 d5 15. f4 exf4 16. gxf4 dxe4 17. dxe4 Ng6 18. Nxg6 fxg6 19. e5 Nh5 20. Bxb7 Qh4 21. Qf3 Rad8 22. Ng2 Qe7 23. Be3 Bxe3 24. Nxe3 Rf8 25.
Qe4 Rd2 26. Rad1 Rxb2 27. Bd5 Bxd5 28. Qxd5+ Kh8 29. Rd2 Rxd2 30. Qxd2 Nxf4 31. Ng4 g5 32. Rd1 Qe6 33. Qd7 Qa2 34. Ne3 Qe2 35. Rf1 Qxe3 36. Qc6 Qxe5 0-1

[Event "Early-Titled-Tuesday-Blitz-May-14-2024"]
[Site "Chess.com"]
[Date "2024.05.14"]
[Round "7"]
[White "rodp92"]
[Black "ab-lsv"]
[Result "1-0"]
[WhiteElo "2536"]
[BlackElo "2343"]
[TimeControl "180+1"]
[EndTime "9:19:27 PDT"]
[Termination "rodp92 won on time"]

1. d4 d5 2. Nf3 Nf6 3. g3 c6 4. Bg2 Bf5 5. O-O h6 6. c4 e6 7. Nbd2 Nbd7 8. b3 Bd6 9. Bb2 O-O 10. e3 Re8 11. Re1 Rc8 12. c5 Bb8 13. b4 e5 14.
Nb3 e4 15. Nfd2 h5 16. Na5 Qc7 17. Rc1 Nf8 18. Qb3 h4 19. a4 N8h7 20. Nf1 Ng5 21. gxh4 Nh3+ 22. Bxh3 Bxh3 23. Ng3 Ng4 24. Qc2 Qe7 25. Qe2 Qxh4 26. f4 exf3 27. Qxf3 Nf6 28. Nxb7 Bg4 29. Qg2 Ne4 30. Nd6 Nxd6 31. cxd6 Bxd6 32. e4 dxe4 33. Nxe4 Bxb4 34. Rf1 f5 35. Ng3 Re3 36. d5 c5 37. Nxf5 1-0

[Event "Early-Titled-Tuesday-Blitz-May-14-2024"]
[Site "Chess.com"]
[Date "2024.05.14"]
[Round "7"]
[White "LamaChampetre"]
[Black "jaramsdal"]
[Result "0-1"]
[WhiteElo "2204"]
[BlackElo "2388"]
[TimeControl "180+1"]
[EndTime "9:19:27 PDT"]
[Termination "jaramsdal won by resignation"]

1. d4 Nf6 2. c4 e6 3. Nf3 b6 4. g3 Bb7 5. Bg2 Be7 6. O-O O-O 7. d5 exd5 8. Nh4 c6 9. cxd5 Nxd5 10. Nf5 Nc7 11. Nc3 d5 12. e4 Bf6 13. Re1 Re8 14. Qg4 Bc8 15. Bf4 d4 16. Rad1 Bxf5 17. Qxf5 g6 18. Qg4 Nd7 19. e5 dxc3 20. exf6 Rxe1+ 21. Rxe1 Nxf6 22. Qg5 Ne6 23. Rxe6 fxe6 24. bxc3 Nd5 25. Qe5 Nxf4 26. Qxf4 Qd1+ 27. Bf1 Rd8 28. Qf6 Qd5 29.
c4 Qd7 30. h4 Rf8 31. Qe5 Qf7 32. f4 Qf5 33. Qc7 e5 34. Bg2 exf4 35. Bxc6 fxg3 36. Bd5+ Kh8 37. Qxg3 Qf1+ 38. Kh2 Qf2+ 39. Qxf2 Rxf2+ 40. Kg3 Rxa2 0-1

[Event "Early-Titled-Tuesday-Blitz-May-14-2024"]
[Site "Chess.com"]
[Date "2024.05.14"]
[Round "7"]
[White "Crazy_girl99"]
[Black "HandKnit"]
[Result "1-0"]
[WhiteElo "2643"]
[BlackElo "2496"]
[TimeControl "180+1"]
[EndTime "9:19:28 PDT"]
[Termination "Crazy_girl99 won on time"]

1. e4 e5 2. Nf3 Nc6 3. Bb5 a6 4. Ba4 Bc5 5. O-O Nge7 6. c3 Ba7 7. d4 Ng6 8. Be3 O-O 9. Nbd2 d6 10. h3 Kh8 11. Bc2 Qe7 12. a4 f5 13. Bg5 Qe8 14.
exf5 Bxf5 15. Bxf5 Rxf5 16. Qc2 Qf7 17. Be3 Rf8 18.
Ng5 Qe8 19. Rae1 Qe7 20. Ngf3 exd4 21. Nxd4 Bxd4 22. cxd4 Qf7 23. Ne4 Nb4 24. Qe2 Ne7 25. Ng3 Rf6 26. Bg5 Ned5 27. Bxf6 Qxf6 28. Qg4 h6 29.
Re6 Qf7 30. Nh5 c6 31. Rg6 Rg8 32. Rxd6 Nd3 33. Rd7 Qf8 34. Rxb7 1-0

[Event "Early-Titled-Tuesday-Blitz-May-14-2024"]
[Site "Chess.com"]
[Date "2024.05.14"]
[Round "7"]
[White "Vasily_IM"]
[Black "AccioChess"]
[Result "1-0"]
[WhiteElo "2606"]
[BlackElo "2431"]
[TimeControl "180+1"]
[EndTime "9:19:29 PDT"]
[Termination "Vasily_IM won by resignation"]

1. d4 Nf6 2. c4 g6 3. Nc3 d5 4. Bg5 Bg7 5. Bxf6 Bxf6 6. cxd5 c5 7. dxc6 Nxc6 8. e3 O-O 9. Nf3 Qb6 10. Qb3 Qxb3 11.
axb3 Nb4 12. Kd2 Be6 13. Bc4 Bg4 14. Nd5 Nxd5 15. Bxd5 Rfd8 16. Bxb7 Rab8 17. Be4 Rxb3 18. Kc2 Rdb8 19. Ra2 Bxf3 20. gxf3 e5 21. d5 Bg7 22. Rb1 R3b5 23. Rxa7 f5 24. Bd3 Rc8+ 25. Kd2 Rxd5 26. Ke2 Kf8 27. b4 Rcd8 28. Rb3 R5d7 29. Rxd7 Rxd7 30.
b5 Rb7 31. b6 Ke7 32. Ba6 Rb8 33. b7 e4 34. fxe4 fxe4 35. Rb4 Be5 36. Rxe4 Kf6 37.
f4 Bd6 38. Rd4 Ke7 39. Rc4 Rd8 40. Rc8 Bb8 41. Bd3 Kd7 42. Ba6 h6 43. Kf3 g5 44. f5 Ke7 45. h3 Be5 46. Kg4 Rf8 47.
Bd3 Rd8 48. Be4 Rd1 49. b8=Q Bxb8 50. Rxb8 Rg1+ 51. Kh5 Rg3 52. Kg6 Rxe3 53. f6+ Kd6 54. f7 1-0

[Event "Early-Titled-Tuesday-Blitz-May-14-2024"]
[Site "Chess.com"]
[Date "2024.05.14"]
[Round "7"]
[White "frederiksvane"]
[Black "GMG"]
[Result "0-1"]
[WhiteElo "2967"]
[BlackElo "2803"]
[TimeControl "180+1"]
[EndTime "9:19:32 PDT"]
[Termination "GMG won on time"]

1. d4 f5 2. Bg5 h6 3. Bh4 g5 4. Bg3 Bg7 5. e3 c5 6. c3 Qb6 7.
Qc2 Nf6 8. Bd3 d6 9. Nd2 cxd4 10. cxd4 O-O 11. h4 f4 12. exf4 g4 13. Ne2 Nc6 14. f5 Nh5 15. Nb3 Nb4 16. Qc4+ d5 17. Qc3 Nxd3+ 18.
Qxd3 Bxf5 19. Qe3 Qb4+ 20. Nc3 Nxg3 21. Qxg3 e6 22. O-O Rac8 23. Rfe1 b6 24. Re2 a5 25.
Nc1 Qxd4 26. Nb3 Qb4 27. Nc1 d4 28. Ne4 Bxe4 29. Rxe4 Qxb2 30. Nb3 h5 31. Rae1 d3 32. Qxd3 Qxf2+ 33. Kh1 Qxh4+ 34. Kg1 Qf2+ 35. Kh1 Rc2 36. Rg1 Qh4+ 0-1

[Event "Early-Titled-Tuesday-Blitz-May-14-2024"]
[Site "Chess.com"]
[Date "2024.05.14"]
[Round "7"]
[White "Jospem"]
[Black "David_Arutinian"]
[Result "1-0"]
[WhiteElo "2996"]
[BlackElo "2837"]
[TimeControl "180+1"]
[EndTime "9:19:33 PDT"]
[Termination "Jospem won by resignation"]

1. e4 c6 2. d4 d5 3. e5 Bf5 4. h4 h5 5. Bd3 Bxd3 6. Qxd3 Qa5+ 7. b4 Qa6 8. e6 Qxd3 9. cxd3 fxe6 10. Nd2 e5 11. dxe5 e6 12. Rb1 Na6 13. a3 Nc7 14.
Ndf3 Ne7 15. Nh3 Nf5 16. O-O Be7 17. g3 Kd7 18. a4 a6 19. Nf4 Rag8 20. Kg2 g6 21.
Bd2 Rh7 22. Ne2 Rf7 23. d4 Rh8 24. Nf4 Rg8 25. Nd3 Kc8 26. Rfc1 Rgf8 27. Nf4 Nxh4+ 28. Nxh4 Bxh4 29. b5 axb5 30. axb5 g5 31. Nd3 Rf3 32. Rc3 Bxg3 33. fxg3 h4 34. Be1 Re3 35. bxc6 bxc6 36. Bf2 h3+ 37. Kg1 h2+ 38. Kg2 Re2 39. Kxh2 Rfxf2+ 40. Nxf2 Rxf2+ 41. Kh3 Rd2 42. Rxc6 Kd7 43. Rd6+ Kc8 44.
Rc1 Rxd4 45. Rdc6 Rc4 46. R1xc4 dxc4 47. Rxc4 Kd7 48. Rxc7+ Kxc7 49. Kg4 1-0

[Event "Early-Titled-Tuesday-Blitz-May-14-2024"]
[Site "Chess.com"]
[Date "2024.05.14"]
[Round "7"]
[White "littlepinkyboy"]
[Black "DrVelja"]
[Result "1-0"]
[WhiteElo "2693"]
[BlackElo "2933"]
[TimeControl "180+1"]
[EndTime "9:19:33 PDT"]
[Termination "littlepinkyboy won by resignation"]

1. e4 c5 2. Nf3 Nc6 3. d4 cxd4 4. Nxd4 g6 5. c4 Bg7 6. Be3 d6 7. Nc3 Qb6 8. Nb3 Bxc3+ 9. bxc3 Qc7 10. c5 dxc5 11. Bxc5 Nf6 12. Bd3 O-O 13. O-O b6 14.
Bd4 Rd8 15. Qe2 Be6 16. Rac1 Ne5 17. Bxe5 Qxe5 18. Nd4 Rac8 19. h3 Nh5 20. Ba6 Rc5 21.
Rfd1 Kg7 22. Nxe6+ Qxe6 23. Rxd8 Ra5 24. Bc4 Qf6 25.
Qe3 Nf4 26. g3 Nxh3+ 27. Kg2 Ng5 28. Rd5 Rxd5 29. exd5 Qf5 30. Rh1 Kf8 31. Qf4 Qxf4 32. gxf4 Ne4 33. Rxh7 Nxc3 34. Rh8+ Kg7 35. Ra8 a5 36.
Rb8 Na4 37. Bb3 Nc5 38. Rxb6 a4 39. Bc4 Ne4 40. Ra6 Nc3 41. Kf3 Kh6 42. Ke3 Kh5 43. Kd3 Nd1 44. Rxa4 Nb2+ 45. Kd4 Nxa4 46. Bb5 Nb6 47.
a4 Kg4 48. a5 Nc8 49. Bd7+ Kxf4 50. Bxc8 f5 51. a6 1-0

[Event "Early-Titled-Tuesday-Blitz-May-14-2024"]
[Site "Chess.com"]
[Date "2024.05.14"]
[Round "7"]
[White "Meri-Arabidze"]
[Black "sergoy"]
[Result "0-1"]
[WhiteElo "2705"]
[BlackElo "3000"]
[TimeControl "180+1"]
[EndTime "9:19:34 PDT"]
[Termination "sergoy won by checkmate"]

1. Nf3 d5 2. c4 d4 3. b4 f6 4.
e3 e5 5. exd4 exd4 6. Bb2 c5 7.
bxc5 Nc6 8. g3 Bxc5 9. Bg2 Nge7 10. O-O O-O 11. d3 Bg4 12. Nbd2 Qd7 13. Re1 Bb4 14.
Qc2 Ng6 15. a3 Ba5 16. Rec1 Rae8 17. Nb3 Bb6 18. c5 Bxf3 19. Bxf3 Bc7 20. Bg2 Nge5 21. h3 Kh8 22. Re1 Qf5 23. Nxd4 Nxd4 24. Bxd4 Nf3+ 25.
Bxf3 Qxf3 26. Qd1 Qf5 27. Qg4 Qxd3 28. Rxe8 Rxe8 29. Qd7 Qe4 30. Bxf6 gxf6 31. Qxc7 Qc6 32. Qf7 Rd8 33. Re1 a5 34. Re7 Rd1+ 35. Kh2 Qh1# 0-1

[Event "Early-Titled-Tuesday-Blitz-May-14-2024"]
[Site "Chess.com"]
[Date "2024.05.14"]
[Round "7"]
[White "AttilaTurzo"]
[Black "rhwr"]
[Result "0-1"]
[WhiteElo "2450"]
[BlackElo "2338"]
[TimeControl "180+1"]
[EndTime "9:19:35 PDT"]
[Termination "rhwr won by resignation"]

1. d4 c5 2. d5 Nf6 3. Nc3 e5 4. e4 d6 5. Be2 Be7 6. Be3 O-O 7. h4 Ne8 8. g3 f5 9. exf5 Bxf5 10. Bg4 Bg6 11. h5 Bf7 12. Nf3 Nd7 13. Ne4 Ndf6 14. Nfg5 Bxd5 15. Be6+ Bxe6 16. Nxe6 Qa5+ 17. Bd2 Qb6 18.
N4g5 d5 19. Nxf8 Bxf8 20. O-O h6 21. Nf3 e4 22. Nh4 Nd6 23. Bf4 Nc4 24. b3 Nd6 25.
Be5 Qc6 26. Bxf6 gxf6 27. Qg4+ Bg7 28. Qe6+ Kh7 29. Nf5 Nxf5 30. Qxf5+ Kh8 31. Rfe1 Re8 32. Re2 Re5 33. Qf4 f5 34. Rae1 Qe8 35. f3 Qxh5 36. fxe4 fxe4 37. Rh2 Qg6 38. Rf1 Rg5 39. Kg2 Kh7 40. Qf7 Rxg3+ 41. Kh1 Rg1+ 42. Rxg1 Qxf7 0-1

[Event "Early-Titled-Tuesday-Blitz-May-14-2024"]
[Site "Chess.com"]
[Date "2024.05.14"]
[Round "7"]
[White "the_chess_child"]
[Black "h4parah5"]
[Result "0-1"]
[WhiteElo "2892"]
[BlackElo "3050"]
[TimeControl "180+1"]
[EndTime "9:19:36 PDT"]
[Termination "h4parah5 won by checkmate"]

1. e4 c5 2. Nf3 Nc6 3. d3 g6 4.
g3 Bg7 5. Bg2 e5 6. O-O Nge7 7.
Nc3 O-O 8. Nd2 d6 9. Nc4 Be6 10. Nd5 f5 11. f4 Qd7 12. a4 Kh8 13. c3 Rf7 14. a5 Raf8 15. Bd2 fxe4 16. dxe4 exf4 17.
Bxf4 Nc8 18. Qd2 Bh3 19. Bxh3 Qxh3 20. Qg2 Qe6 21. Rad1 h6 22. h4 Kh7 23. Nde3 Ne5 24. Bxe5 Bxe5 25. h5 Rxf1+ 26. Rxf1 Rxf1+ 27. Qxf1 Bxg3 28. Qf8 Bh4 29. Kh2 Ne7 30. Qe8 Qf6 31. Kh3 Qf3+ 32. Kh2 Bg3+ 33. Kh3 Bf2+ 34. Kh2 Qg3+ 35. Kh1 Qg1# 0-1

[Event "Early-Titled-Tuesday-Blitz-May-14-2024"]
[Site "Chess.com"]
[Date "2024.05.14"]
[Round "7"]
[White "Kunalm64"]
[Black "KirAk47"]
[Result "1-0"]
[WhiteElo "2614"]
[BlackElo "2452"]
[TimeControl "180+1"]
[EndTime "9:19:36 PDT"]
[Termination "Kunalm64 won on time"]

1. d4 f5 2. Nc3 Nf6 3. Bg5 d5 4.
Bxf6 Kf7 5. e3 exf6 6. h4 Be6 7.
Nge2 Bd6 8. g3 c6 9. h5 g6 10. Nf4 Bxf4 11. gxf4 Nd7 12. Bd3 b5 13. Qf3 a5 14.
O-O-O a4 15. Rdg1 b4 16. Ne2 c5 17. dxc5 Nxc5 18. Nd4 Rc8 19. Kb1 b3 20. Qg2 g5 21.
fxg5 fxg5 22. Qxg5 Qxg5 23. Rxg5 bxc2+ 24. Bxc2 Ne4 25.
Bxe4 dxe4 26. Rhg1 Bc4 27. Rxf5+ Ke7 28. Rg7+ Kd6 29.
b3 Bd3+ 30. Kb2 axb3 31. axb3 Rb8 32. Rf6+ Ke5 33. Re6+ Kd5 34. Rd7+ Kc5 35. Re5+ Kb6 36.
Rd6+ Kc7 37. Rc6+ Kd7 38. Rd5+ Ke7 39. Nf5+ Kf7 40. Rd7+ Ke8 41. Re7+ Kd8 42. Rd6+ Kc8 43. Rdd7 1-0

[Event "Early-Titled-Tuesday-Blitz-May-14-2024"]
[Site "Chess.com"]
[Date "2024.05.14"]
[Round "7"]
[White "ImportedItalianMaple"]
[Black "Khromkin"]
[Result "1-0"]
[WhiteElo "2592"]
[BlackElo "2400"]
[TimeControl "180+1"]
[EndTime "9:19:37 PDT"]
[Termination "ImportedItalianMaple won on time"]

1. e4 c5 2. Nf3 Nc6 3. Bb5 g6 4. O-O Bg7 5. Re1 Nf6 6. c3 O-O 7. d4 d5 8. e5 Ne4 9. Bxc6 bxc6 10. Be3 cxd4 11. cxd4 Qb6 12. Qc1 Rb8 13. b3 a5 14.
Nc3 Nxc3 15. Qxc3 a4 16. bxa4 Bf5 17. Rec1 Rfc8 18. a5 Qa6 19. Nd2 f6 20. exf6 exf6 21. Nb3 Bf8 22. Nc5 Bxc5 23. Qxc5 Rb5 24. Qe7 Rxa5 25.
Qxf6 c5 26. Qe5 Qe6 27. Qxe6+ Bxe6 28. dxc5 Ra4 29. Rd1 Rca8 30. Rd2 Rc4 31. f3 Raa4 32. Re1 Kf7 33. Rde2 1-0

[Event "Early-Titled-Tuesday-Blitz-May-14-2024"]
[Site "Chess.com"]
[Date "2024.05.14"]
[Round "7"]
[White "TheAlienParty"]
[Black "slorovel"]
[Result "0-1"]
[WhiteElo "2422"]
[BlackElo "2555"]
[TimeControl "180+1"]
[EndTime "9:19:37 PDT"]
[Termination "slorovel won on time"]

1. c4 g6 2. Nf3 Bg7 3. g3 e5 4.
Bg2 Ne7 5. Nc3 O-O 6. O-O d6 7. d4 exd4 8. Nxd4 Nbc6 9. Nc2 Be6 10. Ne3 Rb8 11. Ncd5 Ne5 12. Rb1 c6 13. Nxe7+ Qxe7 14. b3 f5 15. f4 Nd7 16. Nc2 Rbd8 17. Nd4 Nc5 18. Nxe6 Qxe6 19. e3 a5 20. Re1 Ne4 21. Qc2 Nc3 22. Rb2 Ne4 23. Rb1 Rfe8 24. Bb2 Bxb2 25.
Qxb2 Qf6 26. Qxf6 Nxf6 27. h3 Ne4 28. g4 Kf7 29. Kh2 d5 30. cxd5 Rxd5 31. Rbd1 Red8 32. Rxd5 Rxd5 33. gxf5 gxf5 34. Bxe4 fxe4 35. Re2 Kf6 36. Kg3 Rd1 37. Rc2 Re1 38. Kf2 Ra1 39. Kg3 Rf1 40. Rc5 a4 41. bxa4 Rf3+ 42. Kg4 Rxe3 43. a5 Ra3 44. Rf5+ Kg6 45. Re5 Rxa2 46. f5+ Kf7 47.
Rxe4 Rxa5 48. Rb4 Rb5 49. Rd4 Rd5 50. Rb4 b5 51. Re4 c5 52. Re6 b4 53. Rb6 Rd1 54. Rb7+ Kf6 55. Rc7 Rg1+ 56. Kh4 b3 57. Rc6+ Kf7 58.
Rc7+ Ke8 59. Rb7 c4 60. f6 c3 61. Rxb3 c2 62. Rb8+ Kf7 63. Rb7+ Kxf6 0-1

[Event "Early-Titled-Tuesday-Blitz-May-14-2024"]
[Site "Chess.com"]
[Date "2024.05.14"]
[Round "7"]
[White "SlavenPastar"]
[Black "maracayo"]
[Result "1-0"]
[WhiteElo "2626"]
[BlackElo "2363"]
[TimeControl "180+1"]
[EndTime "9:19:39 PDT"]
[Termination "SlavenPastar won by resignation"]

1. Nf3 d6 2. d4 Nf6 3. g3 Nbd7 4. Bg2 e5 5. O-O Be7 6. dxe5 dxe5 7. Nc3 c6 8. b3 O-O 9. Bb2 Qc7 10. Qc1 Re8 11. Rd1 h6 12. Nd2 Bf8 13. a4 a5 14. Nc4 e4 15. e3 Nc5 16. Ba3 Bg4 17. Rd4 Rad8 18. Rxd8 Qxd8 19. Qd2 Qc7 20. Qd4 Rd8 21. Qe5 Qxe5 22. Nxe5 Rd2 23. Bxc5 Bxc5 24. Nxe4 Nxe4 25. Bxe4 Bh3 26. Bd3 Bxe3 27. fxe3 Rg2+ 28. Kh1 Rf2 29. Re1 Kf8 30. Be4 Ke7 31. Kg1 Rd2 32. Nc4 Rd8 33.
Bd3 Ra8 34. Kf2 b5 35. Ne5 Kd6 36. Nf3 Kc5 37. Ke2 Rd8 38. Kd2 bxa4 39. bxa4 Kb4 40.
Rb1+ Kxa4 41. Kc3 Be6 42. Ra1+ 1-0

[Event "Early-Titled-Tuesday-Blitz-May-14-2024"]
[Site "Chess.com"]
[Date "2024.05.14"]
[Round "7"]
[White "aljado"]
[Black "C_K_G"]
[Result "0-1"]
[WhiteElo "2133"]
[BlackElo "2279"]
[TimeControl "180+1"]
[EndTime "9:19:39 PDT"]
[Termination "C_K_G won on time"]

1. e4 c5 2. Nf3 d6 3. c3 Nf6 4.
Bc4 Nc6 5. Qe2 e6 6. O-O Be7 7. Rd1 O-O 8. d4 cxd4 9. Nxd4 Ne5 10. Bb3 a6 11. Nd2 Qc7 12. N2f3 b5 13. Bf4 Bb7 14.
Bc2 Nh5 15. Bg3 Nxg3 16. hxg3 b4 17. cxb4 Rac8 18. Rac1 Qb6 19. a3 Nc4 20. Bb1 d5 21. exd5 Bxd5 22. Ne5 Nxe5 23. Rxc8 Rxc8 24. Qxe5 Bf6 25.
Qf4 e5 26. Qg4 Rc4 27. Qh3 Rxd4 28. Qxh7+ Kf8 29. Qh8+ Ke7 30. Rc1 Rc4 31. Rd1 Rd4 32. Rc1 Rd2 33. Rf1 Bc4 34. Qc8 Bxf1 0-1